Map: Cerulean Fall LE

Players

Mesrob - Winner!

  • Race: Terran Terran
  • League: Gold
  • Spawn Location: 7:00

Quant

  • Race: Terran Terran
  • League: Gold
  • Spawn Location: 1:00

VOD

Have the link to the VOD?

Description

Time

  • Played on: Jan. 12, 2019, 1:26 p.m.
  • Length: 8:56
Show
View Real Time Build Order
Export as new Build Order

Mesrob Terran - Winner!

Build Orders: Mech 

Get SALT Encoding   

  12  0:01  SCV  
  13  0:13  SCV  
  14  0:17  Supply Depot  
  14  0:25  SCV  
  15  0:39  Barracks, SCV  
  16  0:50  Refinery  
  16  0:51  SCV  
  17  1:03  SCV  
  18  1:15  SCV  
  19  1:27  Orbital Command  
  19  1:39  Command Center  
  19  1:41  Marine  
  20  1:57  SCV, Bunker  
  21  2:10  SCV  
  21  2:12  Factory  
  22  2:17  Barracks Tech Lab  
  22  2:23  SCV  
  22  2:27  Refinery  
  23  2:31  Supply Depot  
  22  3:02  Orbital Command  
  22  3:07  Supply Depot  
  22  3:16  Siege Tank  
  22  3:18  Supply Depot  
  25  3:20  SCV  
  26  3:28  SCV  
  26  3:33  SCV  
  28  3:40  Supply Depot, SCV  
  29  3:48  Siege Tank  
  32  4:04  Supply Depot  
  32  4:05  Engineering Bay  
  32  4:12  Factory  
  32  4:15  SCV x2  
  34  4:20  Siege Tank  
  37  4:26  Armory  
  37  4:27  SCV  
  38  4:33  Missile Turret  
  38  4:35  Missile Turret  
  38  4:44  Supply Depot  
  38  4:55  Factory, Siege Tank  
  41  5:05  Factory Reactor  
  41  5:08  SCV  
  41  5:13  Refinery  
  42  5:20  SCV  
  43  5:22  Terran Vehicle Weapons Level 1  
  43  5:27  Refinery, SCV  
  44  5:32  SCV  
  45  5:39  SCV  
  45  5:41  Factory Tech Lab  
  46  5:45  SCV  
  46  5:47  Supply Depot  
  47  5:51  Hellion, Hellbat, SCV  
  47  5:57  SCV  
  53  5:59  Missile Turret  
  53  6:08  SCV  
  53  6:09  SCV  
  53  6:10  Supply Depot  
  55  6:18  Hellion  
  55  6:19  Thor  
  55  6:20  SCV  
  55  6:21  Missile Turret  
  55  6:25  SCV  
  63  6:33  Supply Depot  
  63  6:47  Missile Turret  
  63  6:54  Thor  
  63  6:55  Hellbat x2  
  63  6:56  Supply Depot  
  73  7:04  Command Center  
  73  7:12  SCV x2  
  75  7:17  Thor  
  75  7:18  Missile Turret  
  75  7:21  Supply Depot  
  75  7:22  Hellbat  
  83  7:24  Hellbat, SCV  
  83  7:25  SCV  
  87  7:36  SCV  
  87  7:37  SCV  
  89  7:48  SCV  
  89  7:49  SCV, Thor  
  97  7:52  Hellbat x2  
  101  7:58  Supply Depot  
  101  8:00  SCV  
  96  8:21  Supply Depot  
  96  8:23  Hellbat x2  
  95  8:44  Supply Depot  
Show
View Real Time Build Order
Export as new Build Order

Quant Terran 

Build Orders: 2 Factory, Gas First Reaper Expand, Mech 

Get SALT Encoding   

  12  0:00  SCV  
  13  0:13  SCV  
  14  0:20  Supply Depot  
  14  0:25  SCV  
  15  0:29  Refinery  
  15  0:43  Barracks  
  15  0:45  SCV  
  16  0:57  SCV  
  17  1:09  SCV  
  18  1:21  SCV  
  19  1:32  Command Center  
  19  1:33  Reaper  
  19  1:38  SCV  
  21  1:51  Orbital Command  
  21  2:01  Supply Depot  
  21  2:17  Factory  
  21  2:57  Orbital Command  
  21  3:00  Supply Depot, Barracks Reactor  
  21  3:02  Factory Tech Lab  
  21  3:05  Factory  
  21  3:07  SCV  
  22  3:19  SCV  
  23  3:22  Refinery  
  23  3:29  Refinery  
  23  3:31  SCV  
  24  3:34  Refinery  
  24  3:40  Cyclone  
  27  3:49  SCV  
  27  3:53  Factory Tech Lab  
  28  4:12  Siege Tank  
  28  4:14  Marine x2  
  33  4:20  SCV  
  33  4:21  Mag-Field Accelerator, SCV  
  35  4:26  Cyclone  
  38  4:31  Marine  
  38  4:32  Marine  
  38  4:33  SCV x2  
  42  4:44  Cyclone  
  42  4:45  SCV x2  
  47  4:49  Marine x2  
  49  4:57  SCV x2  
  49  4:59  Siege Tank  
  54  5:02  Engineering Bay  
  54  5:08  Armory  
  54  5:12  Supply Depot  
  54  5:33  Marine x2  
  54  5:34  Supply Depot, SCV, Cyclone  
  60  5:47  Terran Infantry Weapons Level 1  
  60  5:51  Marine x2  
  60  5:56  Supply Depot, Siege Tank  
  65  5:58  Terran Vehicle Weapons Level 1  
  65  6:06  Cyclone  
  65  6:09  Marine x2  
  65  6:11  Factory  
  70  6:27  Marine x2  
  70  6:28  Cyclone  
  75  6:38  Cyclone  
  78  6:52  Marine x2, SCV x2  
  82  6:59  Factory Tech Lab  
  82  7:00  Supply Depot, Siege Tank  
  85  7:04  SCV x2  
  85  7:07  Command Center  
  87  7:10  Marine x2  
  89  7:16  Starport  
  89  7:17  SCV x2  
  91  7:23  Supply Depot  
  91  7:28  Marine x2  
  91  7:29  SCV  
  94  7:30  Cyclone  
  43  8:35  Starport Tech Lab  
Tags
 
Add a new tag
Caveats
  • Supply blocks, unpowered buildings, or Contaminate may cause inaccurate times.
  • Supply counts are checked every 10 seconds.